 Dungeon Crawl Stone Soup version 0.23.2-33-g5129a83184 (webtiles) character file.

Game seed: 15412541106545762034

548 t4s4d4r the Archer (level 7, -3/51 HPs)
             Began as a Barachi Hunter on July 23, 2019.
             Killed from afar by an orc wizard (6 damage)
             ... with a puff of flame
             ... on level 5 of the Dungeon.
             The game lasted 00:08:04 (4690 turns).

t4s4d4r the Archer (Barachi Hunter)                 Turns: 4690, Time: 00:08:05

Health: -3/51      AC:  9    Str: 21    XL:     7   Next: 28%
Magic:  7/7        EV: 11    Int: 11    God:
Gold:   175        SH:  0    Dex: 12    Spells: 6/6 levels left

rFire    . . .     SeeInvis .   b - +0 scimitar
rCold    . . .     Gourm    .   (no shield)
rNeg     . . .     Faith    .   j - +0 ring mail
rPois    +         Spirit   .   o - +1 helmet
rElec    .         Reflect  .   r - +1 cloak
rCorr    .         Harm     .   (no gloves)
MR       .....                  (no boots)
Stlth    +.........             (no amulet)
HPRegen  0.17/turn              z - ring of poison resistance
MPRegen  0.10/turn              (no ring)

@: mighty, slow
A: +LOS, swims, slowness 1, strong legs 1
a: Hop


You were on level 5 of the Dungeon.
You were not hungry.

You visited 1 branch of the dungeon, and saw 5 of its levels.

You collected 175 gold pieces.

Inventory:

Hand Weapons
 a - a +5 shortbow
 b - a +0 scimitar (weapon)
Missiles
 d - 48 arrows
Armour
 j - a +0 ring mail (worn)
 o - a +1 helmet (worn)
 r - a +1 cloak (worn)
 u - a +0 chain mail
Jewellery
 z - a ring of poison resistance (left hand)
Wands
 t - a wand of digging (6)
Scrolls
 h - a scroll of teleportation
 l - a scroll of amnesia {unknown}
 p - a scroll of remove curse {unknown}
 y - a scroll of blinking {unknown}
Potions
 c - a potion of cancellation {unknown}
 e - a potion of agility {unknown}
 g - a potion of heal wounds {unknown}
 i - 3 potions of flight
 m - a potion of ambrosia
 q - a potion of lignification {unknown}
 s - a potion of curing {unknown}
 w - a potion of brilliance {unknown}
Comestibles
 f - 6 rations
 v - 2 chunks of flesh


   Skills:
 - Level 2.4 Fighting
 + Level 8.6 Bows
 - Level 2.1 Dodging
 - Level 0.8 Stealth


You had 6 spell levels left.
You didn't know any spells.
Your spell library was empty.

Dungeon Overview and Level Annotations

Branches:
Dungeon (5/15)
 Temple: D:4-7

Altars:
Ru

Shops:
D:4 *


Innate Abilities, Weirdness & Mutations

Shadows flee at your approach. (+LOS)
You can swim through water.
You cover ground slowly.
You can hop short distances.


Message History

The orc warrior hits you but does no damage.
The orc warrior hits you with a +0 hand axe!
You closely miss the orc warrior.
The orc warrior is severely wounded.
The orc warrior hits you with a +0 hand axe!
* * * LOW HITPOINT WARNING * * *
You slash the orc warrior!
You kill the orc warrior!
Something hits you but does no damage.
Unknown command.
Okay, then.
You slash something! Something hits you.
* * * LOW HITPOINT WARNING * * *
You miss something. Something hits you.
* * * LOW HITPOINT WARNING * * *
You miss something. Something hits you but does no damage.
You hear some strange, mumbled words.
A puff of flame appears from out of thin air!
The puff of flame hits you.
You die...

.....
....
#..
##.#
#..#
####).#
#....<#
#.###)#
# #@#
#.# #.#
#.. ##.
.. ##


There were no monsters in sight!

Vanquished Creatures
  An orc warrior (D:5)
  A scorpion (D:4)
  A hound (D:3)
  A centaur skeleton (D:4)
  2 orc wizards
  Ijyb (D:3)
  A worker ant (D:4)
  A hound skeleton (D:4)
  8 adders
  A gnoll (D:5)
  An ooze (D:3)
  4 worms
  A dart slug (D:2)
  A leopard gecko (D:3)
  26 orcs
  2 ball pythons
  4 giant cockroaches
  8 goblins
  6 hobgoblins
  11 jackals
  A quokka (D:3)
  7 bats
  5 frilled lizards
  8 kobolds
  8 rats
111 creatures vanquished.

Notes
Turn   | Place    | Note
-------+----------+-------------------------------------------
     0 | D:1      | t4s4d4r the Barachi Hunter began the quest for the Orb.
     0 | D:1      | Reached XP level 1. HP: 17/17 MP: 1/1
   126 | D:1      | Reached XP level 2. HP: 13/23 MP: 2/2
  1053 | D:2      | HP: 1/23 [worm (9)]
  1386 | D:2      | Reached skill level 5 in Bows
  1386 | D:2      | Reached XP level 3. HP: 28/28 MP: 3/3
  1853 | D:2      | Reached XP level 4. HP: 34/34 MP: 4/4
  2231 | D:3      | Reached skill level 6 in Bows
  2278 | D:3      | Reached XP level 5. HP: 30/39 MP: 5/5
  2389 | D:3      | Found a sacrificial altar of Ru.
  3302 | D:3      | Noticed Ijyb
  3355 | D:3      | Killed Ijyb
  3355 | D:3      | Reached skill level 7 in Bows
  3355 | D:3      | Reached XP level 6. HP: 33/46 MP: 6/6
  3836 | D:4      | Found Gyvass's General Store.
  4487 | D:4      | Reached skill level 8 in Bows
  4531 | D:4      | Reached XP level 7. HP: 46/51 MP: 7/7
  4581 | D:5      | Entered Level 5 of the Dungeon
  4690 | D:5      | Killed from afar by an orc wizard

Skill      XL: |  1  2  3  4  5  6 |
---------------+-------------------+-----
Bows           | 5 6 7 8 |  8.6
Fighting       | |  2.4
Dodging        | |  2.1
Stealth        | |  0.8

Action                   |  1- 3 |  4- 6 |  7- 9 || total
-------------------------+-------+-------+-------++-------
Melee: Short sword       |   105 |   253 |       ||   358
       Scimitar          |       |    28 |    25 ||    53
 Fire: Shortbow          |    19 |    79 |       ||    98
  Use: Scroll            |       |    10 |       ||    10
       Potion            |       |       |     1 ||     1
 Stab: Paralysed         |       |     2 |       ||     2
  Eat: Chunk             |     3 |    10 |     1 ||    14
Armor: Leather armour    |     9 |       |       ||     9
       Ring mail         |    29 |   166 |    17 ||   212
Dodge: Dodged            |    88 |   248 |    15 ||   351
       Rpst.: Scimitar   |       |     7 |     6 ||    13
